 Dungeon Crawl Stone Soup version 0.30-a0-779-g7971cf19c3 (webtiles) character file.

Game seed: 4948557077590922714

111 NinjaNoafa the Caller (level 4, -2/30 HPs)
             Began as a Merfolk Summoner on Feb 17, 2023.
             Slain by an orc
             ... wielding a +0 war axe
              (10 damage)
             ... on level 3 of the Dungeon.
             The game lasted 00:09:34 (1913 turns).

NinjaNoafa the Caller (Merfolk Summoner)            Turns: 1913, Time: 00:09:35

Health: -2/30      AC:  2    Str:  8    XL:     4   Next: 92%
Magic:  2/9        EV: 13    Int: 16    God:
Gold:   149        SH:  0    Dex: 20    Spells: 4/10 levels left

rFire   . . .      SeeInvis .    p - +2 short sword (venom)
rCold   . . .      Faith    .    (no shield)
rNeg    . . .      Spirit   .    a - +0 robe
rPois   .          Reflect  .    (no helmet)
rElec   .          Harm     .    (no cloak)
rCorr   .          Rampage  .    (no gloves)
Will    +....                    (no boots)
Stlth   ++                       (no amulet)
HPRegen 0.25/turn                e - +6 ring of dexterity
MPRegen 0.11/turn                j - ring of willpower

@: no status effects
A: (nimble swimmer 2), mertail
a: no special abilities


You were on level 3 of the Dungeon.
You visited 1 branch of the dungeon, and saw 3 of its levels.

You collected 149 gold pieces.

Inventory:

Hand Weapons
 p - a +2 short sword of venom (weapon)
Missiles
 l - 5 poisoned darts
 n - 4 boomerangs
 q - 4 boomerangs of dispersal
Armour
 a - a +0 robe (worn)
Jewellery
 e - a +6 ring of dexterity (left hand)
 j - a ring of willpower (right hand)
Scrolls
 d - a scroll of enchant weapon {unknown}
 f - a scroll of fear {unknown}
 g - a scroll of teleportation {unknown}
 k - a scroll of blinking {unknown}
 m - 3 scrolls of identify {unknown}
 o - a scroll of brand weapon {unknown}
Potions
 b - a potion of magic
 c - a potion of might {unknown}
 h - a potion of heal wounds {unknown}
 i - a potion of mutation {unknown}
 r - a potion of berserk rage {unknown}


   Skills:
 - Level 2.6 Dodging
 - Level 2.1 Stealth
 + Level 3.5 Spellcasting
 + Level 5.1 Summonings


You had 4 spell levels left.
You knew the following spells:

 Your Spells              Type           Power      Damage    Failure   Level
a - Summon Small Mammal   Summ           76%        N/A       2%          1
b - Call Imp              Summ           19%        N/A       3%          2
c - Call Canine Familiar  Summ           19%        N/A       6%          3

Your spell library contained the following spells:

 Spells                   Type           Power      Damage    Failure   Level
 Beastly Appendage        Tmut           4%         N/A       19%         1
 Sandblast                Erth           4%         2d4       19%         1
 Summon Guardian Golem    Hex/Summ       11%        N/A       19%         3
 Passwall                 Tmut/Erth      1%         N/A       26%         2
 Wereblood                Tmut           2%         N/A       26%         2
 Spider Form              Tmut/Pois      2%         N/A       47%         3
 Stone Arrow              Conj/Erth      4%         3d7       47%         3
 Summon Lightning Spire   Summ/Air       11%        N/A       52%         4


Dungeon Overview and Level Annotations

Branches:
Dungeon (3/15)

Altars:

Shops:
D:3 [


Innate Abilities, Weirdness & Mutations

((You are very nimble when in or above water. (Stealth+, EV+, Speed+++)))
Your lower body shifts to a powerful aquatic tail in water.


Message History

The orc closely misses your crimson imp.
The orc barely misses your quokka.
Your crimson imp blinks!
The hobgoblin hits your quokka but does no damage.
You closely miss the goblin.
Your quokka closely misses the hobgoblin.
The goblin hits you with a +0 dagger.
The hobgoblin hits your quokka but does no damage.
Your quokka closely misses the hobgoblin.
The orc closely misses you. The goblin closely misses you.
The hobgoblin completely misses your quokka.
The goblin attacks as you move away! The goblin hits you with a +0 dagger.
The goblin attacks as you move away! The goblin hits you but does no damage.
Your quokka bites the hobgoblin but does no damage.
The orc hits you with a +0 falchion.
* * * LOW HITPOINT WARNING * * *
The orc barely misses you.
Your quokka bites the hobgoblin.
The hobgoblin hits your quokka.
Your quokka closely misses the hobgoblin.
The orc hits your quokka with a +0 falchion.
Your quokka dies!
Your quokka's corpse disappears in a puff of smoke!
The hobgoblin barely misses your crimson imp.
The goblin attacks as you move away! The goblin closely misses you.
The orc barely misses your crimson imp. The hobgoblin misses you.
Your crimson imp barely misses the orc.
The orc throws a boomerang.
The boomerang barely misses your crimson imp.
The boomerang closely misses you. The orc attacks as you move away!
The orc hits you with a +0 war axe.
* * * LOW HITPOINT WARNING * * *
The orc barely misses your crimson imp.
The orc hits your crimson imp with a +0 falchion!
Your crimson imp hits the orc but does no damage.
The orc hits your crimson imp with a +0 short sword.
You see here 3 stones.
The orc barely misses your crimson imp.
Your crimson imp hits the orc.
The orc dies!
The hobgoblin attacks as you move away! The hobgoblin closely misses you.
The orc attacks as you move away! The orc hits you with a +0 war axe!
You die...

##### ...## ....# #...#
#.#.# ## #.#@# ..o #.go#
#.. #..g###### ..
#..5g....#
8#..#.#..)o....##
..($(...........########
.###..#................###
##.#.#########.####...# #
# #.# #.## ###.#


You could see 2 orcs, a hobgoblin, 2 goblins and a friendly crimson imp
(summoned).

Vanquished Creatures
  An adder (D:3)
  A ball python (D:1)
  2 bats (D:1)
  A hobgoblin (D:1)
  A kobold (D:1)
  A rat (D:1)
7 creatures vanquished.

Vanquished Creatures (collateral kills)
  Terence (D:2)
  An adder (D:3)
  2 worms (D:2)
  A dart slug (D:1)
  2 orcs (D:3)
  5 endoplasms
  4 giant cockroaches
  7 goblins
  6 hobgoblins
  2 jackals (D:3)
  5 kobolds
  6 ball pythons
  A bat (D:1)
  2 frilled lizards (D:1)
  2 rats
47 creatures vanquished.

Grand Total: 54 creatures vanquished

Notes
Turn   | Place    | Note
-------+----------+-------------------------------------------
     0 | D:1      | NinjaNoafa the Merfolk Summoner began the quest for the
                  | Orb.
     0 | D:1      | Reached XP level 1. HP: 13/13 MP: 3/3
   178 | D:1      | Reached XP level 2. HP: 19/19 MP: 0/5
   222 | D:1      | Learned a level 2 spell: Call Imp
   794 | D:1      | Reached XP level 3. HP: 24/24 MP: 4/7
   966 | D:2      | Noticed Terence
   975 | D:2      | Learned a level 3 spell: Call Canine Familiar
  1486 | D:2      | Killed Terence
  1487 | D:2      | Reached XP level 4. HP: 30/30 MP: 2/8
  1611 | D:3      | Found a faded altar of an unknown god.
  1677 | D:3      | Reached skill level 5 in Summonings
  1679 | D:3      | Found Wessou Uwuch's Antique Armour Boutique.
  1913 | D:3      | Slain by an orc

Illustrated notes

Levels and vault maps discovered:
D:1:      spicycebolla_green_bress_n_ham, layout_loops_corners
D:2:      layout_loops_cross, uniq_terence
D:3:      layout_rooms, lemuel_coloured_pillars_altar,
          ebering_ecumenical_altar_mist, serial_shops, shop,
          guppyfry_early_orc_mine

Skill      XL: |  1  2  3  4 |
---------------+-------------+-----
Spellcasting   | 3 |  3.5
Summonings     | 5 |  5.1
Dodging        | |  2.6
Stealth        | |  2.1

Action                     |  1- 3 |  4- 6 || total
---------------------------+-------+-------++-------
  Melee: Mace              |     2 |       ||     2
         Short sword       |    17 |     3 ||    20
   Cast: Summon Small Mamm |    37 |    10 ||    47
         Call Imp          |    14 |     5 ||    19
         Call Canine Famil |     6 |     4 ||    10
 Armour: Robe              |    10 |     2 ||    12
  Dodge: Dodged            |    42 |    10 ||    52

Table legend: (Time is in decaauts)
 A = Elapsed time spent in this place.
 B = Non-inter-level travel time spent in this place.
 C = Inter-level travel time spent in this place.
 D = Time resting spent in this place.
 E = Time spent auto-exploring this place.
 F = Levels seen in this place.
 G = Mean time per level.
                   A        B        C        D        E       F      G
               +--------+--------+--------+--------+--------+-----+--------+
         Total |   1910 |   1627 |    283 |      0 |      0 |   3 |  636.7 |
       Dungeon |   1910 |   1627 |    283 |      0 |      0 |   3 |  636.7 |
               +--------+--------+--------+--------+--------+-----+--------+

Top non-repeatable levels by time:
     D:1: 987 daAuts
     D:2: 621 daAuts
     D:3: 301 daAuts
